Flames vs Devils
Created - 2 décembre 2014 at 19:07
Goals
|
| Flames |
0 |
2 |
0 |
2 |
| Devils |
3 |
2 |
1 |
6 |
|
Shots
|
| Flames |
9 |
7 |
11 |
27 |
| Devils |
17 |
8 |
13 |
38 |
|
1st period
1. Devils , Dustin Boyd 8 (Brad Ference, Ladislav Nagy) at 15:50
2. Devils , Vincent Lecavalier 21 (Maxim Afinogenov, Zach Parise) at 18:59 (PP)
3. Devils , Zach Parise 14 (Vincent Lecavalier, Maxim Afinogenov) at 19:46 (PP)
Penalties :
Mike Leclerc (Cal) for Hooking (Minor) at 9:41, Erik Johnson (Cal) for Roughing (Minor) at 18:16, Eric Staal (Cal) for Kneeing (Major) at 19:06
2nd period
4. Devils , Stephen Weiss 6 (Patric Hornqvist, Ben Lovejoy) at 6:29 (PP)
5. Devils , Maxim Afinogenov 19 (Vincent Lecavalier, Zach Parise) at 8:22 (PP)
6. Flames , Erik Johnson 3 (Milan Hejduk, Mark Bell) at 10:14 (PP)
7. Flames , Steve Regier 7 (Marcel Goc, Craig Anderson) at 18:47
Penalties :
Erik Johnson (Cal) for Roughing (Minor) at 5:50, Mike Leclerc (Cal) for Hooking (Minor) at 8:09, Vincent Lecavalier (NJD) for Fighting (Major) at 9:43, Filip Kuba (Cal) for Fighting (Major) at 9:43, Vincent Lecavalier (NJD) for instigated a fight (Minor) at 9:43, Vincent Lecavalier (NJD) for instigated a fight (10 Minutes Misconduct) at 9:43, Alexander Semin (Cal) for Hooking (Minor) at 12:11
3rd period
8. Devils , Patric Hornqvist 13 (Guillaume Latendresse, Stephen Weiss) at 18:43
Penalties :
Greg Stewart (NJD) for Goalie Interference (Minor) at 15:32, Filip Kuba (Cal) for Hooking (Minor) at 18:51
Goalie Stats
Craig Anderson (Cal), 13 saves from 14 shots - (0,929), 31:38 minutes
Pekka Rinne (Cal), 19 saves from 24 shots - (0,792), L, 12-8-3, 28:22 minutes
Dan Ellis (NJD), 25 saves from 27 shots - (0,926), W, 7-5-1, 60:00 minutes
Players Stats for Flames
Player Name G A P +/- PIM S H SB GA TA FO MP PP MP PK MP
------------------------------------------------------------------------------------
Alexander Semin 0 0 0 -2 2 4 1 0 0 0 2/2 19:09 1:19 1:46
Craig Adams 0 0 0 1 0 4 0 2 1 0 0/0 13:51 0:00 6:26
David Backes 0 0 0 -2 0 1 0 0 0 1 0/1 19:23 1:19 2:33
Derek Meech 0 0 0 0 0 1 1 0 1 1 0/0 14:56 0:07 3:56
Eric Staal 0 0 0 -2 5 5 1 0 1 0 16/29 18:22 1:19 1:39
Erik Johnson 1 0 1 0 4 2 2 0 0 0 0/0 21:22 1:31 3:56
Filip Kuba 0 0 0 -1 7 1 0 0 1 0 0/0 19:07 1:00 1:31
Jordin Tootoo 0 0 0 0 0 0 0 1 0 0 0/0 12:07 0:00 0:00
Marcel Goc 0 1 1 0 0 0 1 0 0 0 3/6 11:38 0:00 1:07
Mark Bell 0 1 1 0 0 0 1 0 0 0 0/0 13:30 1:11 0:18
Michal Handzus 0 0 0 0 0 1 2 0 0 0 13/24 20:23 1:11 6:39
Mike Leclerc 0 0 0 1 4 0 0 0 0 0 0/0 11:04 0:00 2:52
Mikhail Grabovski 0 0 0 1 0 1 0 0 0 0 2/4 7:25 0:00 0:00
Milan Hejduk 0 1 1 0 0 3 1 0 0 0 0/0 11:51 1:11 0:00
Ron Hainsey 0 0 0 0 0 1 1 0 0 0 0/0 18:21 0:59 6:49
Steve Eminger 0 0 0 -1 0 1 2 2 0 1 0/0 27:13 0:00 6:56
Steve Regier 1 0 1 0 0 1 2 0 0 0 0/0 10:27 0:00 0:00
Tomas Kaberle 0 0 0 0 0 1 1 2 0 0 0/0 18:03 1:23 0:12
Players Stats for Devils
Player Name G A P +/- PIM S H SB GA TA FO MP PP MP PK MP
------------------------------------------------------------------------------------
Andy Greene 0 0 0 0 0 1 1 0 0 0 0/0 10:00 0:48 0:00
Antti Miettinen 0 0 0 0 0 0 2 0 0 0 0/1 7:58 0:48 0:00
Ben Lovejoy 0 1 1 2 0 1 1 1 0 0 0/0 20:30 3:36 0:00
Brad Ference 0 1 1 2 0 1 2 0 0 0 0/0 18:09 0:32 0:40
Dustin Boyd 1 0 1 1 0 2 1 0 0 0 5/8 11:18 0:29 0:05
Greg Stewart 0 0 0 0 2 2 1 0 1 0 0/0 8:46 1:37 0:00
Guillaume Latendresse 0 1 1 0 0 2 1 0 0 0 0/1 17:36 4:09 0:41
Jason Arnott 0 0 0 0 0 0 0 0 0 0 6/10 12:52 2:01 1:36
Jay Bouwmeester 0 0 0 -1 0 3 2 1 0 1 0/0 27:40 7:16 0:40
Ladislav Nagy 0 1 1 1 0 4 0 1 1 0 1/1 10:50 0:00 0:36
Maxim Afinogenov 1 2 3 0 0 5 2 1 0 1 0/0 22:04 6:13 0:00
Mike Komisarek 0 0 0 -1 0 0 2 1 0 0 0/0 25:50 3:52 1:50
Mike Lundin 0 0 0 0 0 1 2 0 0 0 0/0 17:51 7:16 1:50
Patric Hornqvist 1 1 2 0 0 2 2 0 1 0 0/1 17:01 4:15 0:00
Patrick Eaves 0 0 0 1 0 1 2 0 0 1 0/1 10:03 0:00 0:00
Stephen Weiss 1 1 2 0 0 2 2 0 0 0 5/9 16:55 4:09 0:00
Vincent Lecavalier 1 2 3 0 17 6 2 0 0 0 13/32 18:05 5:06 0:19
Zach Parise 1 2 3 0 0 5 2 2 0 1 0/2 24:00 6:13 1:43
3 Stars
1 - Zach Parise (NJD)
2 - Maxim Afinogenov (NJD)
3 - Stephen Weiss (NJD)
Power Play
Flames - 1 on 2 Attempt(s) - 50,00%
Devils - 4 on 7 Attempt(s) - 57,14%
Penalty Kill
Flames - 3 on 7 Attempt(s) - 42,86%
- Score 0 goal in Penalty Kill
Devils - 1 on 2 Attempt(s) - 50,00%
- Score 0 goal in Penalty Kill
Official
Referees : Meier Brad and Rehman Kyle
Linesman : Scott Cherrey and Don Henderson
Game Notes
Craig Anderson enters game at 8:22 of 2nd period
Vincent Lecavalier and Filip Kuba fight to a draw at 9:43 of 2nd period
Finance
Level 1 -- Attendance: 5404 (90,07%) -- Ticket Income 459 340 $
Level 2 -- Attendance: 4628 (92,56%) -- Ticket Income 240 656 $
Level 3 -- Attendance: 2000 (100,00%) -- Ticket Income 56 000 $
Level 4 -- Attendance: 4000 (100,00%) -- Ticket Income 80 000 $
Luxury Box -- Attendance: 839 (83,90%) -- Ticket Income 142 630 $
Game was played at the The prudential Center
Total Attendance: 16871 (93,73%)
Total Ticket Income: 978 626 $
Other Income: 146 794 $
Total Income: 1 125 420 $
Flames
5 vs 5 Forward
Center Left Wing Right Wing Time % Phy DF OF
1 Eric Staal Alexander Semin David Backes 40 1 2 2
2 Michal Handzus Mark Bell Jordin Tootoo 30 1 2 2
3 Marcel Goc Steve Regier Milan Hejduk 20 1 2 2
4 Mikhail Grabovski Mike Leclerc Craig Adams 10 1 2 2
5 vs 5 Defense
Defense Defense Time % Phy DF OF
1 Filip Kuba Steve Eminger 40 1 2 2
2 Tomas Kaberle Erik Johnson 30 1 2 2
3 Derek Meech Ron Hainsey 20 1 2 2
4 Tomas Kaberle Steve Eminger 10 1 2 2
PowerPlay Forward
Center Left Wing Right Wing Time % Phy DF OF
1 Eric Staal Alexander Semin David Backes 60 1 2 2
2 Michal Handzus Mark Bell Milan Hejduk 40 1 2 2
PowerPlay Defense
Defense Defense Time % Phy DF OF
1 Filip Kuba Erik Johnson 60 1 2 2
2 Tomas Kaberle Ron Hainsey 40 1 2 2
Penalty Kill 4 Players Forward
Center Wing Time % Phy DF OF
1 Michal Handzus Craig Adams 60 1 3 1
2 Eric Staal Mike Leclerc 40 1 3 1
Penalty Kill 4 Players Defense
Defense Defense Time % Phy DF OF
1 Ron Hainsey Steve Eminger 60 1 3 1
2 Derek Meech Erik Johnson 40 1 3 1
Penalty Kill - 3 Players Forward
Forward Time % Phy DF OF
1 Eric Staal 60 1 4 0
2 Mike Leclerc 40 1 4 0
Penalty Kill - 3 Players Defense
Defense Defense Time % Phy DF OF
1 Ron Hainsey Steve Eminger 60 1 4 0
2 Filip Kuba Erik Johnson 40 1 4 0
4 vs 4 Forward
Center Wing Time % Phy DF OF
1 Eric Staal Alexander Semin 60 1 2 2
2 Michal Handzus David Backes 40 1 2 2
4 vs 4 Defense
Defense Defense Time % Phy DF OF
1 Filip Kuba Steve Eminger 60 1 2 2
2 Tomas Kaberle Erik Johnson 40 1 2 2
Last Minutes Offensive
Center Left Wing Right Wing Defense Defense
Eric Staal Alexander Semin David Backes Filip Kuba Steve Eminger
Last Minutes Defensive
Center Left Wing Right Wing Defense Defense
Eric Staal Alexander Semin David Backes Filip Kuba Steve Eminger
Goaltenders
Starting : Pekka Rinne
Backup : Craig Anderson
Extra Forwards
Normal : Alexander Semin, Jordin Tootoo, Michal Handzus - PP : Mark Bell, Milan Hejduk - PK : David Backes
Extra Defensemen
Normal : Erik Johnson, Tomas Kaberle, Derek Meech - PP : Tomas Kaberle - PK : Erik Johnson, Filip Kuba
Penalty Shots
Alexander Semin, Eric Staal, David Backes, Milan Hejduk, Mark Bell
Devils
5 vs 5 Forward
Center Left Wing Right Wing Time % Phy DF OF
1 Vincent Lecavalier Zach Parise Maxim Afinogenov 40 1 2 2
2 Stephen Weiss Guillaume Latendresse Patric Hornqvist 30 1 2 2
3 Dustin Boyd Ladislav Nagy Patrick Eaves 20 1 2 2
4 Jason Arnott Greg Stewart Antti Miettinen 10 1 2 2
5 vs 5 Defense
Defense Defense Time % Phy DF OF
1 Jay Bouwmeester Mike Komisarek 40 1 2 2
2 Ben Lovejoy Brad Ference 30 1 2 2
3 Mike Lundin Andy Greene 20 1 2 2
4 Ben Lovejoy Brad Ference 10 1 2 2
PowerPlay Forward
Center Left Wing Right Wing Time % Phy DF OF
1 Vincent Lecavalier Zach Parise Maxim Afinogenov 60 0 2 3
2 Stephen Weiss Guillaume Latendresse Patric Hornqvist 40 0 2 3
PowerPlay Defense
Defense Defense Time % Phy DF OF
1 Mike Lundin Jay Bouwmeester 60 1 2 2
2 Ben Lovejoy Mike Komisarek 40 1 2 2
Penalty Kill 4 Players Forward
Center Wing Time % Phy DF OF
1 Jason Arnott Zach Parise 60 1 2 2
2 Vincent Lecavalier Guillaume Latendresse 40 1 2 2
Penalty Kill 4 Players Defense
Defense Defense Time % Phy DF OF
1 Mike Lundin Mike Komisarek 60 1 2 2
2 Jay Bouwmeester Brad Ference 40 1 2 2
Penalty Kill - 3 Players Forward
Forward Time % Phy DF OF
1 Jason Arnott 60 1 2 2
2 Vincent Lecavalier 40 1 2 2
Penalty Kill - 3 Players Defense
Defense Defense Time % Phy DF OF
1 Mike Lundin Brad Ference 60 1 2 2
2 Mike Komisarek Jay Bouwmeester 40 1 2 2
4 vs 4 Forward
Center Wing Time % Phy DF OF
1 Stephen Weiss Guillaume Latendresse 60 1 2 2
2 Vincent Lecavalier Zach Parise 40 1 2 2
4 vs 4 Defense
Defense Defense Time % Phy DF OF
1 Brad Ference Mike Komisarek 60 1 2 2
2 Jay Bouwmeester Mike Lundin 40 1 2 2
Last Minutes Offensive
Center Left Wing Right Wing Defense Defense
Vincent Lecavalier Guillaume Latendresse Maxim Afinogenov Ben Lovejoy Jay Bouwmeester
Last Minutes Defensive
Center Left Wing Right Wing Defense Defense
Jason Arnott Zach Parise Maxim Afinogenov Mike Komisarek Jay Bouwmeester
Goaltenders
Starting : Dan Ellis
Backup : Viktor Fasth
Extra Forwards
Normal : Jason Arnott, Antti Miettinen, Ladislav Nagy - PP : Jason Arnott, Greg Stewart - PK : Ladislav Nagy
Extra Defensemen
Normal : Ben Lovejoy, Mike Komisarek, Andy Greene - PP : Ben Lovejoy - PK : Ben Lovejoy, Mike Lundin
Penalty Shots
Vincent Lecavalier, Maxim Afinogenov, Guillaume Latendresse, Patric Hornqvist, Zach Parise
% Time on Ice - Flames
Lines # - Real PCT - Wanted PCT - Time Play
Normal Forward
1 - 34% - 40% - 15:36
2 - 27% - 30% - 12:22
3 - 23% - 20% - 10:27
4 - 16% - 10% - 7:25
Normal Defense
1 - 42% - 40% - 19:17
2 - 32% - 30% - 14:32
3 - 21% - 20% - 9:37
4 - 5% - 10% - 2:24
PP Forward
1 - 53% - 60% - 1:19
2 - 47% - 40% - 1:11
PP Defense
1 - 61% - 60% - 1:31
2 - 39% - 40% - 0:59
PK Forward
1 - 69% - 60% - 8:04
2 - 31% - 40% - 3:36
PK Defense
1 - 66% - 60% - 7:44
2 - 34% - 40% - 3:56
PK3 Forward
1 - 0% - 60%
2 - 0% - 40%
PK3 Defense
1 - 0% - 60%
2 - 0% - 40%
44 Forward
1 - 0% - 60%
2 - 0% - 40%
44 Defense
1 - 0% - 60%
2 - 0% - 40%
Last Minute Offensive - 0:00
Last Minute Defensive - 0:00
Total
Forward - 60:00
Defense - 60:00
|
% Time on Ice - Devils
Lines # - Real PCT - Wanted PCT - Time Play
Normal Forward
1 - 36% - 40% - 16:22
2 - 28% - 30% - 12:46
3 - 22% - 20% - 10:03
4 - 15% - 10% - 6:39
Normal Defense
1 - 43% - 40% - 19:31
2 - 31% - 30% - 14:24
3 - 20% - 20% - 9:12
4 - 6% - 10% - 2:43
PP Forward
1 - 62% - 60% - 7:15
2 - 38% - 40% - 4:25
PP Defense
1 - 67% - 60% - 7:48
2 - 33% - 40% - 3:52
PK Forward
1 - 87% - 60% - 2:11
2 - 13% - 40% - 0:19
PK Defense
1 - 73% - 60% - 1:50
2 - 27% - 40% - 0:40
PK3 Forward
1 - 0% - 60%
2 - 0% - 40%
PK3 Defense
1 - 0% - 60%
2 - 0% - 40%
44 Forward
1 - 0% - 60%
2 - 0% - 40%
44 Defense
1 - 0% - 60%
2 - 0% - 40%
Last Minute Offensive - 0:00
Last Minute Defensive - 0:00
Total
Forward - 60:00
Defense - 60:00
|
Play by Play
1st period
0:01 of 1st period - Eric Staal wins face-off versus Vincent Lecavalier in neutral zone.
0:04 of 1st period - Jay Bouwmeester is hit by Steve Eminger and loses puck.
0:13 of 1st period - Slapshot by David Backes.
0:13 of 1st period - Stopped by Dan Ellis with a rebound.
0:34 of 1st period - Snap shot by Guillaume Latendresse.
0:34 of 1st period - Shot Misses the Net.
0:36 of 1st period - Wrist shot by Guillaume Latendresse.
0:36 of 1st period - Deflect By Patric Hornqvist.
0:36 of 1st period - Shot Misses the Net.
0:36 of 1st period - Puck is out of play.
0:37 of 1st period - Marcel Goc wins face-off versus Patrick Eaves in Flames zone.
0:37 of 1st period - Marcel Goc is hit by Ben Lovejoy.
0:43 of 1st period - Brad Ference is hit by Erik Johnson and loses puck.
1:23 of 1st period - Slapshot by Maxim Afinogenov.
1:23 of 1st period - Deflect By Eric Staal.
1:23 of 1st period - Stopped by Pekka Rinne with a rebound.
2:44 of 1st period - Backhand shot by Filip Kuba.
2:44 of 1st period - Deflect By Greg Stewart.
2:44 of 1st period - Stopped by Dan Ellis with a rebound.
2:46 of 1st period - Slapshot by Steve Eminger.
2:46 of 1st period - Stopped by Dan Ellis with a rebound.
3:08 of 1st period - Filip Kuba is hit by Maxim Afinogenov and loses puck.
3:49 of 1st period - Milan Hejduk is hit by Brad Ference and loses puck.
3:56 of 1st period - Brad Ference is hit by Steve Regier and loses puck.
4:18 of 1st period - Snap shot by Greg Stewart.
4:18 of 1st period - Stopped by Pekka Rinne without a rebound.
4:19 of 1st period - Vincent Lecavalier wins face-off versus David Backes in Flames zone.
4:22 of 1st period - Snap shot by Vincent Lecavalier.
4:22 of 1st period - Shot Misses the Net.
4:24 of 1st period - Snap shot by Maxim Afinogenov.
4:24 of 1st period - Stopped by Pekka Rinne without a rebound.
4:25 of 1st period - Alexander Semin wins face-off versus Vincent Lecavalier in Flames zone.
4:50 of 1st period - Wrist shot by Ladislav Nagy.
4:50 of 1st period - Stopped by Pekka Rinne with a rebound.
4:52 of 1st period - Slapshot by Andy Greene.
4:52 of 1st period - Deflect By Filip Kuba.
4:52 of 1st period - Stopped by Pekka Rinne with a rebound.
4:54 of 1st period - Snap shot by Dustin Boyd.
4:54 of 1st period - Shot Misses the Net.
4:56 of 1st period - Slapshot by Mike Lundin.
4:56 of 1st period - Stopped by Pekka Rinne without a rebound.
4:57 of 1st period - Dustin Boyd wins face-off versus Michal Handzus in Flames zone.
5:04 of 1st period - Wrist shot by Ladislav Nagy.
5:04 of 1st period - Stopped by Pekka Rinne without a rebound.
5:05 of 1st period - Michal Handzus wins face-off versus Vincent Lecavalier in Flames zone.
5:34 of 1st period - Wrist shot by Patric Hornqvist.
5:34 of 1st period - Stopped by Pekka Rinne with a rebound.
6:40 of 1st period - Zach Parise is hit by Michal Handzus and loses puck.
6:57 of 1st period - Wrist shot by Alexander Semin.
6:57 of 1st period - Stopped by Dan Ellis without a rebound.
6:58 of 1st period - Eric Staal wins face-off versus Guillaume Latendresse in Devils zone.
7:29 of 1st period - Slapshot by Vincent Lecavalier.
7:29 of 1st period - Shot Misses the Net.
7:33 of 1st period - Backhand shot by Vincent Lecavalier.
7:33 of 1st period - Stopped by Pekka Rinne without a rebound.
7:34 of 1st period - Eric Staal wins face-off versus Vincent Lecavalier in Flames zone.
7:49 of 1st period - Snap shot by Eric Staal.
7:49 of 1st period - Stopped by Dan Ellis with a rebound.
8:12 of 1st period - Icing by Brad Ference.
8:13 of 1st period - Michal Handzus wins face-off versus Stephen Weiss in Devils zone.
8:20 of 1st period - Erik Johnson is hit by Stephen Weiss and loses puck.
9:41 of 1st period - Minor Penalty to Mike Leclerc for Hooking.
9:42 of 1st period - Michal Handzus wins face-off versus Vincent Lecavalier in Flames zone.
11:41 of 1st period - Penalty to Mike Leclerc is over, Mike Leclerc is back on ice.
12:12 of 1st period - Wrist shot by Patrick Eaves.
12:12 of 1st period - Stopped by Pekka Rinne without a rebound.
12:13 of 1st period - Marcel Goc wins face-off versus Dustin Boyd in Flames zone.
12:24 of 1st period - Slapshot by Steve Regier.
12:24 of 1st period - Shot Blocked by Ladislav Nagy.
12:40 of 1st period - Craig Adams is hit by Mike Lundin.
12:44 of 1st period - Mike Lundin is hit by Ron Hainsey and loses puck.
12:55 of 1st period - Derek Meech is hit by Guillaume Latendresse.
13:03 of 1st period - Stephen Weiss is hit by Eric Staal and loses puck.
14:33 of 1st period - Slapshot by Alexander Semin.
14:33 of 1st period - Stopped by Dan Ellis without a rebound.
14:34 of 1st period - Jason Arnott wins face-off versus Eric Staal in Devils zone.
15:40 of 1st period - Wrist shot by Alexander Semin.
15:40 of 1st period - Shot Blocked by Jay Bouwmeester.
15:42 of 1st period - Snap shot by Alexander Semin.
15:42 of 1st period - Stopped by Dan Ellis without a rebound.
15:43 of 1st period - Dustin Boyd wins face-off versus Eric Staal in Devils zone.
15:48 of 1st period - Snap shot by Ladislav Nagy.
15:48 of 1st period - Shot Misses the Net.
15:50 of 1st period - Slapshot by Brad Ference.
15:50 of 1st period - Deflect By Dustin Boyd.
15:50 of 1st period - Goal by Dustin Boyd - Flames : 0 - Devils : 1.
15:51 of 1st period - Michal Handzus wins face-off versus Zach Parise in neutral zone.
16:17 of 1st period - Mark Bell is hit by Patric Hornqvist and loses puck.
16:30 of 1st period - Snap shot by Stephen Weiss.
16:30 of 1st period - Stopped by Pekka Rinne without a rebound.
16:31 of 1st period - Eric Staal wins face-off versus Vincent Lecavalier in Flames zone.
16:31 of 1st period - Eric Staal is hit by Vincent Lecavalier.
16:47 of 1st period - Slapshot by Jay Bouwmeester.
16:47 of 1st period - Stopped by Pekka Rinne without a rebound.
16:48 of 1st period - Dustin Boyd wins face-off versus Marcel Goc in Flames zone.
17:01 of 1st period - Wrist shot by Milan Hejduk.
17:01 of 1st period - Stopped by Dan Ellis without a rebound.
17:02 of 1st period - Eric Staal wins face-off versus Vincent Lecavalier in Devils zone.
17:03 of 1st period - Snap shot by David Backes.
17:03 of 1st period - Shot Misses the Net.
17:11 of 1st period - Slapshot by Eric Staal.
17:11 of 1st period - Stopped by Dan Ellis with a rebound.
17:35 of 1st period - Snap shot by Mark Bell.
17:35 of 1st period - Shot Misses the Net.
18:16 of 1st period - Minor Penalty to Erik Johnson for Roughing.
18:17 of 1st period - Vincent Lecavalier wins face-off versus Michal Handzus in Flames zone.
18:17 of 1st period - Wrist shot by Zach Parise.
18:17 of 1st period - Shot Misses the Net.
18:19 of 1st period - Snap shot by Maxim Afinogenov.
18:19 of 1st period - Shot Misses the Net.
18:21 of 1st period - Wrist shot by Jay Bouwmeester.
18:21 of 1st period - Shot Blocked by Craig Adams.
18:23 of 1st period - Wrist shot by Vincent Lecavalier.
18:23 of 1st period - Shot Blocked by Steve Eminger.
18:25 of 1st period - Wrist shot by Zach Parise.
18:25 of 1st period - Stopped by Pekka Rinne without a rebound.
18:26 of 1st period - Michal Handzus wins face-off versus Vincent Lecavalier in Flames zone.
18:35 of 1st period - Wrist shot by Michal Handzus.
18:35 of 1st period - Shot Misses the Net.
18:57 of 1st period - Slapshot by Maxim Afinogenov.
18:57 of 1st period - Stopped by Pekka Rinne with a rebound.
18:59 of 1st period - Slapshot by Vincent Lecavalier.
18:59 of 1st period - Goal by Vincent Lecavalier - Flames : 0 - Devils : 2.
19:00 of 1st period - Dustin Boyd wins face-off versus Eric Staal in neutral zone.
19:06 of 1st period - Major Penalty to Eric Staal for Kneeing.
19:07 of 1st period - Vincent Lecavalier wins face-off versus Michal Handzus in Flames zone.
19:13 of 1st period - Snap shot by Maxim Afinogenov.
19:13 of 1st period - Shot Misses the Net.
19:46 of 1st period - Snap shot by Vincent Lecavalier.
19:46 of 1st period - Deflect By Zach Parise.
19:46 of 1st period - Goal by Zach Parise - Flames : 0 - Devils : 3.
19:47 of 1st period - Stephen Weiss wins face-off versus Michal Handzus in neutral zone.
Goals for this period are 0 for Flames vs 3 for Devils.
Shots for this period are 9 for Flames vs 17 for Devils.
2nd period
0:01 of 2nd period - Vincent Lecavalier wins face-off versus Michal Handzus in neutral zone.
0:08 of 2nd period - Snap shot by Zach Parise.
0:08 of 2nd period - Stopped by Pekka Rinne with a rebound.
0:46 of 2nd period - Wrist shot by Craig Adams.
0:46 of 2nd period - Shot Blocked by Ben Lovejoy.
1:14 of 2nd period - Mike Leclerc is hit by Jay Bouwmeester and loses puck.
1:43 of 2nd period - Patric Hornqvist is hit by Alexander Semin and loses puck.
2:32 of 2nd period - Alexander Semin is hit by Antti Miettinen and loses puck.
3:15 of 2nd period - Ron Hainsey is hit by Mike Komisarek and loses puck.
3:26 of 2nd period - Filip Kuba is hit by Dustin Boyd and loses puck.
4:06 of 2nd period - Penalty to Eric Staal is over, Eric Staal is back on ice.
4:18 of 2nd period - Ben Lovejoy is hit by Steve Regier and loses puck.
4:51 of 2nd period - Icing by Mike Lundin.
4:52 of 2nd period - Marcel Goc wins face-off versus Dustin Boyd in Devils zone.
5:13 of 2nd period - Guillaume Latendresse is hit by Steve Eminger and loses puck.
5:28 of 2nd period - Slapshot by Vincent Lecavalier.
5:28 of 2nd period - Shot Misses the Net.
5:30 of 2nd period - Wrist shot by Zach Parise.
5:30 of 2nd period - Stopped by Pekka Rinne without a rebound.
5:31 of 2nd period - Vincent Lecavalier wins face-off versus Marcel Goc in Flames zone.
5:42 of 2nd period - Marcel Goc is hit by Vincent Lecavalier and loses puck.
5:50 of 2nd period - Minor Penalty to Erik Johnson for Roughing.
5:51 of 2nd period - Michal Handzus wins face-off versus Vincent Lecavalier in Flames zone.
5:53 of 2nd period - Slapshot by Vincent Lecavalier.
5:53 of 2nd period - Stopped by Pekka Rinne with a rebound.
5:55 of 2nd period - Snap shot by Maxim Afinogenov.
5:55 of 2nd period - Stopped by Pekka Rinne with a rebound.
5:57 of 2nd period - Slapshot by Ben Lovejoy.
5:57 of 2nd period - Stopped by Pekka Rinne without a rebound.
5:58 of 2nd period - Michal Handzus wins face-off versus Vincent Lecavalier in Flames zone.
6:29 of 2nd period - Slapshot by Stephen Weiss.
6:29 of 2nd period - Goal by Stephen Weiss - Flames : 0 - Devils : 4.
6:30 of 2nd period - Vincent Lecavalier wins face-off versus Eric Staal in neutral zone.
8:09 of 2nd period - Minor Penalty to Mike Leclerc for Hooking.
8:10 of 2nd period - Vincent Lecavalier wins face-off versus Michal Handzus in Flames zone.
8:22 of 2nd period - Snap shot by Maxim Afinogenov.
8:22 of 2nd period - Goal by Maxim Afinogenov - Flames : 0 - Devils : 5.
8:22 of 2nd period - Craig Anderson enters game.
8:23 of 2nd period - Vincent Lecavalier wins face-off versus Eric Staal in neutral zone.
9:28 of 2nd period - Off-side.
9:29 of 2nd period - Mikhail Grabovski wins face-off versus Antti Miettinen in neutral zone.
9:36 of 2nd period - Snap shot by Tomas Kaberle.
9:36 of 2nd period - Shot Misses the Net.
9:38 of 2nd period - Snap shot by Tomas Kaberle.
9:38 of 2nd period - Stopped by Dan Ellis with a rebound.
9:40 of 2nd period - Backhand shot by Erik Johnson.
9:40 of 2nd period - Stopped by Dan Ellis with a rebound.
9:42 of 2nd period - Slapshot by Craig Adams.
9:42 of 2nd period - Stopped by Dan Ellis without a rebound.
9:43 of 2nd period - Eric Staal wins face-off versus Zach Parise in Devils zone.
9:43 of 2nd period - Vincent Lecavalier and Filip Kuba fight to a draw.
9:43 of 2nd period - Penalty to Vincent Lecavalier for Fighting.
9:43 of 2nd period - Penalty to Filip Kuba for Fighting.
9:43 of 2nd period - Penalty to Vincent Lecavalier for instigated a fight.
9:43 of 2nd period - Penalty to Vincent Lecavalier for instigated a fight.
9:44 of 2nd period - Jason Arnott wins face-off versus Eric Staal in Devils zone.
10:12 of 2nd period - Slapshot by Milan Hejduk.
10:12 of 2nd period - Stopped by Dan Ellis with a rebound.
10:14 of 2nd period - Slapshot by Erik Johnson.
10:14 of 2nd period - Goal by Erik Johnson - Flames : 1 - Devils : 5.
10:15 of 2nd period - Eric Staal wins face-off versus Jason Arnott in neutral zone.
10:47 of 2nd period - Wrist shot by Patric Hornqvist.
10:47 of 2nd period - Shot Misses the Net.
10:49 of 2nd period - Slapshot by Ben Lovejoy.
10:49 of 2nd period - Deflect By Patric Hornqvist.
10:49 of 2nd period - Deflect By Michal Handzus.
10:49 of 2nd period - Shot Misses the Net.
10:49 of 2nd period - Puck is out of play.
10:50 of 2nd period - Jason Arnott wins face-off versus Michal Handzus in Flames zone.
11:16 of 2nd period - Brad Ference is hit by Derek Meech.
11:38 of 2nd period - Mike Komisarek is hit by Erik Johnson.
12:08 of 2nd period - Wrist shot by Zach Parise.
12:08 of 2nd period - Stopped by Craig Anderson without a rebound.
12:09 of 2nd period - Eric Staal wins face-off versus Jason Arnott in Flames zone.
12:11 of 2nd period - Minor Penalty to Alexander Semin for Hooking.
12:12 of 2nd period - Michal Handzus wins face-off versus Jason Arnott in Flames zone.
12:12 of 2nd period - Michal Handzus is hit by Mike Lundin.
12:23 of 2nd period - Wrist shot by Jay Bouwmeester.
12:23 of 2nd period - Shot Blocked by Craig Adams.
14:11 of 2nd period - Penalty to Alexander Semin is over, Alexander Semin is back on ice.
14:12 of 2nd period - Snap shot by Craig Adams.
14:12 of 2nd period - Stopped by Dan Ellis with a rebound.
14:22 of 2nd period - Mike Leclerc is hit by Zach Parise and loses puck.
14:45 of 2nd period - Ron Hainsey is hit by Patrick Eaves and loses puck.
15:32 of 2nd period - Maxim Afinogenov is hit by Tomas Kaberle and loses puck.
16:00 of 2nd period - Eric Staal is hit by Jay Bouwmeester and loses puck.
16:40 of 2nd period - Mark Bell is hit by Andy Greene and loses puck.
18:47 of 2nd period - Wrist shot by Steve Regier.
18:47 of 2nd period - Goal by Steve Regier - Flames : 2 - Devils : 5.
18:48 of 2nd period - Stephen Weiss wins face-off versus Eric Staal in neutral zone.
18:51 of 2nd period - Eric Staal is hit by Brad Ference and loses puck.
18:56 of 2nd period - Snap shot by Patric Hornqvist.
18:56 of 2nd period - Deflect By Guillaume Latendresse.
18:56 of 2nd period - Shot Misses the Net.
18:56 of 2nd period - Puck is out of play.
18:57 of 2nd period - Eric Staal wins face-off versus Stephen Weiss in Flames zone.
19:14 of 2nd period - Slapshot by David Backes.
19:14 of 2nd period - Deflect By Alexander Semin.
19:14 of 2nd period - Shot Misses the Net.
19:14 of 2nd period - Puck is out of play.
19:15 of 2nd period - Jason Arnott wins face-off versus Michal Handzus in Devils zone.
19:35 of 2nd period - Michal Handzus is hit by Maxim Afinogenov and loses puck.
19:42 of 2nd period - Zach Parise is hit by Michal Handzus.
19:43 of 2nd period - 10 Minutes Game Misconduct Penalty to Vincent Lecavalier is over.
Goals for this period are 2 for Flames vs 2 for Devils.
Shots for this period are 7 for Flames vs 8 for Devils.
3rd period
0:01 of 3rd period - Alexander Semin wins face-off versus Vincent Lecavalier in neutral zone.
0:12 of 3rd period - Snap shot by Eric Staal.
0:12 of 3rd period - Stopped by Dan Ellis with a rebound.
0:39 of 3rd period - Wrist shot by Steve Eminger.
0:39 of 3rd period - Shot Blocked by Zach Parise.
0:53 of 3rd period - Snap shot by Craig Adams.
0:53 of 3rd period - Stopped by Dan Ellis with a rebound.
0:55 of 3rd period - Wrist shot by Mikhail Grabovski.
0:55 of 3rd period - Stopped by Dan Ellis with a rebound.
0:57 of 3rd period - Wrist shot by Craig Adams.
0:57 of 3rd period - Stopped by Dan Ellis with a rebound.
0:59 of 3rd period - Snap shot by Mikhail Grabovski.
0:59 of 3rd period - Shot Misses the Net.
1:01 of 3rd period - Wrist shot by Mikhail Grabovski.
1:01 of 3rd period - Shot Blocked by Maxim Afinogenov.
1:53 of 3rd period - Marcel Goc is hit by Greg Stewart and loses puck.
2:02 of 3rd period - Backhand shot by Antti Miettinen.
2:02 of 3rd period - Shot Misses the Net.
2:20 of 3rd period - Slapshot by Derek Meech.
2:20 of 3rd period - Shot Misses the Net.
2:22 of 3rd period - Slapshot by Ron Hainsey.
2:22 of 3rd period - Deflect By Patric Hornqvist.
2:22 of 3rd period - Stopped by Dan Ellis without a rebound.
2:23 of 3rd period - Dustin Boyd wins face-off versus Eric Staal in Devils zone.
3:18 of 3rd period - Snap shot by Mike Leclerc.
3:18 of 3rd period - Shot Misses the Net.
3:32 of 3rd period - Slapshot by Eric Staal.
3:32 of 3rd period - Stopped by Dan Ellis without a rebound.
3:33 of 3rd period - Eric Staal wins face-off versus Vincent Lecavalier in Devils zone.
3:40 of 3rd period - Slapshot by Alexander Semin.
3:40 of 3rd period - Shot Misses the Net.
3:54 of 3rd period - Snap shot by Maxim Afinogenov.
3:54 of 3rd period - Shot Blocked by Tomas Kaberle.
3:56 of 3rd period - Snap shot by Andy Greene.
3:56 of 3rd period - Shot Blocked by Tomas Kaberle.
4:20 of 3rd period - Slapshot by Vincent Lecavalier.
4:20 of 3rd period - Stopped by Craig Anderson with a rebound.
4:37 of 3rd period - Snap shot by Eric Staal.
4:37 of 3rd period - Shot Misses the Net.
4:39 of 3rd period - Slapshot by Tomas Kaberle.
4:39 of 3rd period - Deflect By Eric Staal.
4:39 of 3rd period - Shot Misses the Net.
4:39 of 3rd period - Puck is out of play.
4:40 of 3rd period - Michal Handzus wins face-off versus Stephen Weiss in Devils zone.
4:43 of 3rd period - Wrist shot by Michal Handzus.
4:43 of 3rd period - Stopped by Dan Ellis without a rebound.
4:44 of 3rd period - Stephen Weiss wins face-off versus Michal Handzus in Devils zone.
5:29 of 3rd period - Wrist shot by Dustin Boyd.
5:29 of 3rd period - Stopped by Craig Anderson without a rebound.
5:30 of 3rd period - Jason Arnott wins face-off versus Mikhail Grabovski in Flames zone.
5:38 of 3rd period - Icing by Filip Kuba.
5:39 of 3rd period - Vincent Lecavalier wins face-off versus Mikhail Grabovski in Flames zone.
5:46 of 3rd period - Wrist shot by Vincent Lecavalier.
5:46 of 3rd period - Shot Misses the Net.
5:48 of 3rd period - Slapshot by Brad Ference.
5:48 of 3rd period - Deflect By Zach Parise.
5:48 of 3rd period - Shot Blocked by Steve Eminger.
5:48 of 3rd period - Puck is out of play.
5:49 of 3rd period - Eric Staal wins face-off versus Vincent Lecavalier in Flames zone.
5:56 of 3rd period - Snap shot by Alexander Semin.
5:56 of 3rd period - Stopped by Dan Ellis without a rebound.
5:57 of 3rd period - Vincent Lecavalier wins face-off versus Eric Staal in Devils zone.
6:25 of 3rd period - Snap shot by Guillaume Latendresse.
6:25 of 3rd period - Stopped by Craig Anderson with a rebound.
7:35 of 3rd period - Snap shot by David Backes.
7:35 of 3rd period - Shot Misses the Net.
8:12 of 3rd period - Patric Hornqvist is hit by Marcel Goc and loses puck.
8:35 of 3rd period - Wrist shot by Ladislav Nagy.
8:35 of 3rd period - Stopped by Craig Anderson without a rebound.
8:36 of 3rd period - Eric Staal wins face-off versus Dustin Boyd in Flames zone.
8:36 of 3rd period - Eric Staal is hit by Patrick Eaves.
9:02 of 3rd period - Slapshot by Ladislav Nagy.
9:02 of 3rd period - Shot Misses the Net.
9:04 of 3rd period - Slapshot by Jay Bouwmeester.
9:04 of 3rd period - Stopped by Craig Anderson without a rebound.
9:05 of 3rd period - Michal Handzus wins face-off versus Vincent Lecavalier in Flames zone.
9:48 of 3rd period - Milan Hejduk is hit by Antti Miettinen and loses puck.
10:07 of 3rd period - Snap shot by Ladislav Nagy.
10:07 of 3rd period - Stopped by Craig Anderson without a rebound.
10:08 of 3rd period - Eric Staal wins face-off versus Vincent Lecavalier in Flames zone.
10:23 of 3rd period - Snap shot by Vincent Lecavalier.
10:23 of 3rd period - Stopped by Craig Anderson with a rebound.
10:33 of 3rd period - Brad Ference is hit by Mark Bell and loses puck.
10:40 of 3rd period - Slapshot by Mike Lundin.
10:40 of 3rd period - Shot Blocked by Jordin Tootoo.
10:56 of 3rd period - Off-side.
10:57 of 3rd period - Mikhail Grabovski wins face-off versus Vincent Lecavalier in neutral zone.
11:02 of 3rd period - Wrist shot by Craig Adams.
11:02 of 3rd period - Shot Blocked by Mike Komisarek.
11:04 of 3rd period - Snap shot by Mike Leclerc.
11:04 of 3rd period - Shot Misses the Net.
11:06 of 3rd period - Snap shot by Derek Meech.
11:06 of 3rd period - Shot Misses the Net.
11:08 of 3rd period - Slapshot by Derek Meech.
11:08 of 3rd period - Stopped by Dan Ellis without a rebound.
11:09 of 3rd period - Vincent Lecavalier wins face-off versus Eric Staal in Devils zone.
11:13 of 3rd period - Off-side.
11:14 of 3rd period - Eric Staal wins face-off versus Vincent Lecavalier in neutral zone.
11:17 of 3rd period - Slapshot by Erik Johnson.
11:17 of 3rd period - Shot Blocked by Zach Parise.
13:26 of 3rd period - Icing by Ben Lovejoy.
13:27 of 3rd period - Stephen Weiss wins face-off versus Marcel Goc in Devils zone.
13:27 of 3rd period - Stephen Weiss is hit by Milan Hejduk.
14:16 of 3rd period - Michal Handzus is hit by Stephen Weiss and loses puck.
15:32 of 3rd period - Minor Penalty to Greg Stewart for Goalie Interference.
15:33 of 3rd period - Jason Arnott wins face-off versus Eric Staal in Devils zone.
15:47 of 3rd period - Erik Johnson is hit by Mike Komisarek.
16:03 of 3rd period - Snap shot by Milan Hejduk.
16:03 of 3rd period - Stopped by Dan Ellis without a rebound.
16:04 of 3rd period - Michal Handzus wins face-off versus Jason Arnott in Devils zone.
16:35 of 3rd period - Snap shot by Eric Staal.
16:35 of 3rd period - Shot Misses the Net.
17:30 of 3rd period - Icing by Erik Johnson.
17:31 of 3rd period - Ladislav Nagy wins face-off versus Michal Handzus in Flames zone.
17:32 of 3rd period - Penalty to Greg Stewart is over, Greg Stewart is back on ice.
17:40 of 3rd period - Slapshot by Zach Parise.
17:40 of 3rd period - Shot Misses the Net.
17:42 of 3rd period - Slapshot by Brad Ference.
17:42 of 3rd period - Stopped by Craig Anderson with a rebound.
17:44 of 3rd period - Slapshot by Greg Stewart.
17:44 of 3rd period - Stopped by Craig Anderson without a rebound.
17:45 of 3rd period - Stephen Weiss wins face-off versus Eric Staal in Flames zone.
17:48 of 3rd period - Snap shot by Guillaume Latendresse.
17:48 of 3rd period - Stopped by Craig Anderson without a rebound.
17:49 of 3rd period - Eric Staal wins face-off versus Stephen Weiss in Flames zone.
18:02 of 3rd period - Snap shot by Alexander Semin.
18:02 of 3rd period - Shot Misses the Net.
18:04 of 3rd period - Snap shot by Eric Staal.
18:04 of 3rd period - Stopped by Dan Ellis without a rebound.
18:05 of 3rd period - Vincent Lecavalier wins face-off versus Michal Handzus in Devils zone.
18:32 of 3rd period - Alexander Semin is hit by Patric Hornqvist and loses puck.
18:43 of 3rd period - Backhand shot by Guillaume Latendresse.
18:43 of 3rd period - Deflect By Patric Hornqvist.
18:43 of 3rd period - Goal by Patric Hornqvist - Flames : 2 - Devils : 6.
18:44 of 3rd period - Vincent Lecavalier wins face-off versus Eric Staal in neutral zone.
18:49 of 3rd period - Slapshot by Vincent Lecavalier.
18:49 of 3rd period - Stopped by Craig Anderson with a rebound.
18:51 of 3rd period - Minor Penalty to Filip Kuba for Hooking.
18:52 of 3rd period - Michal Handzus wins face-off versus Vincent Lecavalier in Flames zone.
19:01 of 3rd period - Steve Eminger is hit by Zach Parise and loses puck.
19:19 of 3rd period - Icing by Stephen Weiss.
19:20 of 3rd period - Eric Staal wins face-off versus Patric Hornqvist in Devils zone.
19:49 of 3rd period - Snap shot by Patric Hornqvist.
19:49 of 3rd period - Shot Misses the Net.
19:51 of 3rd period - Wrist shot by Jay Bouwmeester.
19:51 of 3rd period - Stopped by Craig Anderson without a rebound.
19:52 of 3rd period - Michal Handzus wins face-off versus Vincent Lecavalier in Flames zone.
Goals for this period are 0 for Flames vs 1 for Devils.
Shots for this period are 11 for Flames vs 13 for Devils.
Output by the SimonT Hockey Simulator (STHS) for François Prévost -- Original Page W3C XHTML 1.0 Valid